Knights vs Diables
Created - 16 mars 2016 at 23:28
Goals
|
| Knights |
0 |
1 |
1 |
2 |
| Diables |
1 |
1 |
1 |
3 |
|
Shots
|
| Knights |
11 |
9 |
7 |
27 |
| Diables |
16 |
9 |
6 |
31 |
|
1st period
1. Diables , Lukas Krajicek 10 (Tomas Kubalik) at 18:56
Penalties :
No Penalty
2nd period
2. Knights , Jimmy Hayes 9 (Zack Hamill, Jason Chimera) at 9:00 (PP)
3. Diables , Craig Smith 18 (Tomas Kubalik) at 16:55
Penalties :
Steve Quailer (Alm) for Holding (Minor) at 8:48, Tyler Bozak (Alm) for Roughing (Minor) at 10:59
3rd period
4. Knights , Jason Chimera 17 (Jimmy Hayes, Zack Hamill) at 8:08 (PP)
5. Diables , Tyler Bozak 37 (Damien Brunner, Tyson Barrie) at 19:14
Penalties :
Pierre-Cédric Labrie (Alm) for Hooking (Minor) at 7:06, Chris Thorburn (Lon) for Hooking (Minor) at 10:21, Jason Chimera (Lon) for Hooking (Minor) at 13:44
Goalie Stats
Jacob Markstrom (Lon), 28 saves from 31 shots - (0,903), L, 31-24-1, 59:18 minutes
Frederik Andersen (Alm), 25 saves from 27 shots - (0,926), W, 26-20-2, 60:00 minutes
Players Stats for Knights
Player Name G A P +/- PIM S H SB GA TA FO MP PP MP PK MP
------------------------------------------------------------------------------------
Aaron Palushaj 0 0 0 -1 0 0 0 0 0 0 0/0 8:44 0:00 0:00
Chris Thorburn 0 0 0 -1 2 2 2 1 1 0 0/1 20:35 1:21 0:58
Garnet Exelby 0 0 0 -1 0 1 6 0 1 1 0/0 25:36 2:28 2:02
James Wright 0 0 0 0 0 3 1 0 1 1 4/7 15:07 0:13 1:57
Jason Chimera 1 1 2 0 2 4 1 0 1 1 0/1 18:45 1:44 0:00
Jason Zucker 0 0 0 -1 0 2 0 0 0 0 0/0 10:08 1:21 0:00
Jimmy Hayes 1 1 2 -1 0 3 4 0 1 0 0/0 15:32 1:44 0:00
Joe Colborne 0 0 0 -1 0 3 1 0 1 0 3/3 9:27 0:00 0:43
Kevin Hayes 0 0 0 -1 0 0 3 0 0 0 0/0 12:21 0:08 0:00
Magnus Paajarvi-Svensson 0 0 0 -1 0 1 1 0 0 0 2/2 13:53 0:00 1:28
Michael Raffl 0 0 0 -1 0 1 1 0 0 1 0/0 14:52 0:00 0:39
Michael Stone 0 0 0 0 0 0 2 2 0 0 0/0 18:10 0:00 1:06
Nikita Nikitin 0 0 0 0 0 0 1 1 0 1 0/0 21:02 0:59 1:37
Niklas Hjalmarsson 0 0 0 -2 0 1 0 2 1 1 0/0 31:17 2:14 2:02
Tomas Kundratek 0 0 0 -2 0 0 0 1 0 0 0/0 20:29 0:45 1:09
Tyler Seguin 0 0 0 -1 0 2 3 2 0 0 11/26 21:20 1:21 0:48
Zack Hamill 0 2 2 -1 0 4 3 0 0 1 9/17 17:51 1:47 1:23
Zbynek Michalek 0 0 0 0 0 0 0 1 0 0 0/0 0:51 0:00 0:00
Players Stats for Diables
Player Name G A P +/- PIM S H SB GA TA FO MP PP MP PK MP
------------------------------------------------------------------------------------
Brandon Prust 0 0 0 0 0 0 0 0 0 0 0/0 15:59 1:46 0:03
Brian Dumoulin 0 0 0 1 0 0 0 0 0 0 0/0 5:40 0:48 0:00
Craig Smith 1 0 1 1 0 2 0 0 0 1 2/2 12:59 1:46 0:15
Damien Brunner 0 1 1 1 0 5 0 0 2 1 1/1 22:41 1:58 2:36
Dustin Kohn 0 0 0 1 0 0 0 1 0 0 0/0 20:05 1:55 1:33
J.T. Brown 0 0 0 1 0 0 0 1 1 0 0/0 10:14 0:14 0:00
Jamie Arniel 0 0 0 0 0 0 0 0 0 0 8/19 16:35 0:00 2:02
Jared Cowen 0 0 0 2 0 1 0 4 1 2 0/0 22:40 2:26 1:33
Kellan Lain 0 0 0 0 0 5 2 3 0 1 3/3 20:37 1:58 0:34
Lukas Krajicek 1 0 1 2 0 3 2 1 1 0 0/0 22:47 1:15 1:40
Matt Jones 0 0 0 0 0 2 0 0 0 0 0/0 16:13 0:48 1:40
Pierre-Cédric Labrie 0 0 0 2 2 0 2 0 0 0 0/0 12:03 0:14 0:00
Riley Sheahan 0 0 0 1 0 1 0 0 0 0 1/2 8:17 0:00 0:00
Steve Quailer 0 0 0 0 2 1 0 3 1 0 0/0 15:57 1:46 0:00
Taylor Beck 0 0 0 1 0 2 0 0 0 0 0/0 9:23 0:14 0:00
Tomas Kubalik 0 2 2 1 0 2 1 0 1 0 0/0 12:08 0:00 0:56
Tyler Bozak 1 0 1 1 2 6 2 0 0 0 13/30 19:51 1:58 0:00
Tyler Cuma 0 0 0 0 0 1 1 0 0 2 0/0 17:16 0:44 0:00
Tyson Barrie 0 1 1 0 0 0 2 2 0 0 0/0 15:19 0:00 0:00
3 Stars
1 - Lukas Krajicek (Alm)
2 - Jimmy Hayes (Lon)
3 - Tomas Kubalik (Alm)
Power Play
Knights - 2 on 3 Attempt(s) - 66,67%
Diables - 0 on 2 Attempt(s) - 0,00%
Penalty Kill
Knights - 2 on 2 Attempt(s) - 100,00%
- Score 0 goal in Penalty Kill
Diables - 1 on 3 Attempt(s) - 33,33%
- Score 0 goal in Penalty Kill
Team Stat
Knights - Hits : 29 - Faceoff Wins : 29 - Blocked Shots : 10 - Penalty Minutes : 4
Diables - Hits : 12 - Faceoff Wins : 28 - Blocked Shots : 15 - Penalty Minutes : 6
Official
Referees : Furlatt Eric and VanMassenhoven Don
Linesman : Bryan Pancich and Jonny Murray
Game Notes
Zbynek Michalek is injured at 2:16 of 1st period (Bruised Right Arm)
Lukas Krajicek is injured at 13:22 of 3rd period (Back)
Finance
Level 1 -- Attendance: 1439 (71,95%) -- Ticket Income 50 365 $
Level 2 -- Attendance: 730 (73,00%) -- Ticket Income 10 950 $
Total Attendance: 2169 (72,30%)
Total Ticket Income: 61 315 $
Other Income: 3 066 $
Total Income: 64 381 $
Knights
5 vs 5 Forward
Center Left Wing Right Wing Time % Phy DF OF
1 Tyler Seguin Jason Chimera Chris Thorburn 40 1 1 3
2 Zack Hamill Michael Raffl Jimmy Hayes 30 1 1 3
3 James Wright Magnus Paajarvi-Svensson Kevin Hayes 20 1 2 2
4 Joe Colborne Jason Zucker Aaron Palushaj 10 1 2 2
5 vs 5 Defense
Defense Defense Time % Phy DF OF
1 Tomas Kundratek Niklas Hjalmarsson 40 1 2 2
2 Zbynek Michalek Garnet Exelby 30 1 2 2
3 Nikita Nikitin Michael Stone 20 1 2 2
4 Garnet Exelby Zbynek Michalek 10 1 2 2
PowerPlay Forward
Center Left Wing Right Wing Time % Phy DF OF
1 Zack Hamill Jason Chimera Jimmy Hayes 60 0 0 5
2 Tyler Seguin Jason Zucker Chris Thorburn 40 0 0 5
PowerPlay Defense
Defense Defense Time % Phy DF OF
1 Garnet Exelby Niklas Hjalmarsson 60 1 1 3
2 Tomas Kundratek Nikita Nikitin 40 1 1 3
Penalty Kill 4 Players Forward
Center Wing Time % Phy DF OF
1 James Wright Chris Thorburn 60 0 4 1
2 Joe Colborne Jason Chimera 40 0 4 1
Penalty Kill 4 Players Defense
Defense Defense Time % Phy DF OF
1 Tomas Kundratek Niklas Hjalmarsson 60 1 4 0
2 Garnet Exelby Zbynek Michalek 40 1 4 0
Penalty Kill - 3 Players Forward
Forward Time % Phy DF OF
1 James Wright 60 0 4 1
2 Joe Colborne 40 0 4 1
Penalty Kill - 3 Players Defense
Defense Defense Time % Phy DF OF
1 Niklas Hjalmarsson Garnet Exelby 60 1 4 0
2 Tomas Kundratek Zbynek Michalek 40 1 4 0
4 vs 4 Forward
Center Wing Time % Phy DF OF
1 Zack Hamill Jason Zucker 60 0 1 4
2 Tyler Seguin Chris Thorburn 40 0 1 4
4 vs 4 Defense
Defense Defense Time % Phy DF OF
1 Niklas Hjalmarsson Tomas Kundratek 60 1 2 2
2 Garnet Exelby Zbynek Michalek 40 1 2 2
Last Minutes Offensive
Center Left Wing Right Wing Defense Defense
Zack Hamill Tyler Seguin Chris Thorburn Zbynek Michalek Garnet Exelby
Last Minutes Defensive
Center Left Wing Right Wing Defense Defense
James Wright Jason Chimera Chris Thorburn Zbynek Michalek Garnet Exelby
Goaltenders
Starting : Jacob Markstrom
Backup : Mark Dekanich
Extra Forwards
Normal : Tyler Seguin, Zack Hamill, James Wright - PP : James Wright, Zack Hamill - PK : Zack Hamill
Extra Defensemen
Normal : Garnet Exelby, Niklas Hjalmarsson, Zbynek Michalek - PP : Garnet Exelby - PK : Garnet Exelby, Zbynek Michalek
Penalty Shots
Joe Colborne, Tyler Seguin, Jason Chimera, James Wright, Zack Hamill
Diables
5 vs 5 Forward
Center Left Wing Right Wing Time % Phy DF OF
1 Tyler Bozak Kellan Lain Damien Brunner 40 1 2 2
2 Jamie Arniel Brandon Prust Steve Quailer 30 1 2 2
3 Craig Smith Pierre-Cédric Labrie Tomas Kubalik 20 1 2 2
4 Riley Sheahan Taylor Beck J.T. Brown 10 1 2 2
5 vs 5 Defense
Defense Defense Time % Phy DF OF
1 Lukas Krajicek Jared Cowen 40 1 2 2
2 Dustin Kohn Tyler Cuma 30 1 2 2
3 Matt Jones Tyson Barrie 20 1 2 2
4 Brian Dumoulin Lukas Krajicek 10 1 2 2
PowerPlay Forward
Center Left Wing Right Wing Time % Phy DF OF
1 Tyler Bozak Kellan Lain Damien Brunner 60 1 2 2
2 Craig Smith Brandon Prust Steve Quailer 40 1 2 2
PowerPlay Defense
Defense Defense Time % Phy DF OF
1 Lukas Krajicek Jared Cowen 60 1 2 2
2 Dustin Kohn Tyler Cuma 40 1 2 2
Penalty Kill 4 Players Forward
Center Wing Time % Phy DF OF
1 Jamie Arniel Damien Brunner 60 1 2 2
2 Kellan Lain Tyler Bozak 40 1 2 2
Penalty Kill 4 Players Defense
Defense Defense Time % Phy DF OF
1 Lukas Krajicek Matt Jones 60 1 2 2
2 Dustin Kohn Jared Cowen 40 1 2 2
Penalty Kill - 3 Players Forward
Forward Time % Phy DF OF
1 Jamie Arniel 60 1 2 2
2 Damien Brunner 40 1 2 2
Penalty Kill - 3 Players Defense
Defense Defense Time % Phy DF OF
1 Lukas Krajicek Jared Cowen 60 1 2 2
2 Dustin Kohn Tyler Cuma 40 1 2 2
4 vs 4 Forward
Center Wing Time % Phy DF OF
1 Jamie Arniel Damien Brunner 60 1 2 2
2 Tyler Bozak Kellan Lain 40 1 2 2
4 vs 4 Defense
Defense Defense Time % Phy DF OF
1 Lukas Krajicek Matt Jones 60 1 2 2
2 Dustin Kohn Tyler Cuma 40 1 2 2
Last Minutes Offensive
Center Left Wing Right Wing Defense Defense
Tyler Bozak Brandon Prust Damien Brunner Lukas Krajicek Jared Cowen
Last Minutes Defensive
Center Left Wing Right Wing Defense Defense
Tyler Bozak Kellan Lain Damien Brunner Lukas Krajicek Jared Cowen
Goaltenders
Starting : Frederik Andersen
Backup : Marek Mazanek
Extra Forwards
Normal : Craig Smith, Pierre-Cédric Labrie, Tomas Kubalik - PP : Craig Smith, Pierre-Cédric Labrie - PK : Tomas Kubalik
Extra Defensemen
Normal : Jared Cowen, Tyson Barrie, Brian Dumoulin - PP : Jared Cowen - PK : Tyson Barrie, Brian Dumoulin
Penalty Shots
Craig Smith, Damien Brunner, Kellan Lain, Tyler Bozak, Jamie Arniel
% Time on Ice - Knights
Lines # - Real PCT - Wanted PCT - Time Play
Normal Forward
1 - 32% - 40% - 16:52
2 - 28% - 30% - 14:43
3 - 23% - 20% - 11:45
4 - 17% - 10% - 8:44
Normal Defense
1 - 31% - 40% - 16:05
2 - 33% - 30% - 17:18
3 - 24% - 20% - 12:34
4 - 12% - 10% - 6:07
PP Forward
1 - 58% - 60% - 1:52
2 - 42% - 40% - 1:21
PP Defense
1 - 77% - 60% - 2:28
2 - 23% - 40% - 0:45
PK Forward
1 - 85% - 60% - 3:22
2 - 15% - 40% - 0:36
PK Defense
1 - 29% - 60% - 1:09
2 - 71% - 40% - 2:49
PK3 Forward
1 - 0% - 60%
2 - 0% - 40%
PK3 Defense
1 - 0% - 60%
2 - 0% - 40%
44 Forward
1 - 0% - 60%
2 - 0% - 40%
44 Defense
1 - 0% - 60%
2 - 0% - 40%
Last Minute Offensive - 0:45
Last Minute Defensive - 0:00
Total
Forward - 60:00
Defense - 60:00
|
% Time on Ice - Diables
Lines # - Real PCT - Wanted PCT - Time Play
Normal Forward
1 - 34% - 40% - 17:45
2 - 31% - 30% - 15:53
3 - 19% - 20% - 10:09
4 - 16% - 10% - 8:17
Normal Defense
1 - 37% - 40% - 19:18
2 - 30% - 30% - 15:39
3 - 25% - 20% - 12:53
4 - 8% - 10% - 4:14
PP Forward
1 - 55% - 60% - 2:12
2 - 45% - 40% - 1:46
PP Defense
1 - 82% - 60% - 3:14
2 - 18% - 40% - 0:44
PK Forward
1 - 91% - 60% - 2:55
2 - 9% - 40% - 0:18
PK Defense
1 - 52% - 60% - 1:40
2 - 48% - 40% - 1:33
PK3 Forward
1 - 0% - 60%
2 - 0% - 40%
PK3 Defense
1 - 0% - 60%
2 - 0% - 40%
44 Forward
1 - 0% - 60%
2 - 0% - 40%
44 Defense
1 - 0% - 60%
2 - 0% - 40%
Last Minute Offensive - 0:00
Last Minute Defensive - 0:45
Total
Forward - 60:00
Defense - 60:00
|
Play by Play
1st period
0:01 of 1st period - Tyler Bozak wins face-off versus Tyler Seguin in neutral zone.
0:14 of 1st period - Slapshot by Tyler Bozak.
0:14 of 1st period - Stopped by Jacob Markstrom with a rebound.
1:35 of 1st period - Wrist shot by Taylor Beck.
1:35 of 1st period - Stopped by Jacob Markstrom with a rebound.
1:37 of 1st period - Backhand shot by Tyler Cuma.
1:37 of 1st period - Stopped by Jacob Markstrom with a rebound.
1:56 of 1st period - Off-side.
1:57 of 1st period - Zack Hamill wins face-off versus Jamie Arniel in neutral zone.
2:06 of 1st period - Snap shot by Steve Quailer.
2:06 of 1st period - Stopped by Jacob Markstrom without a rebound.
2:07 of 1st period - Tyler Bozak wins face-off versus Jason Chimera in Knights zone.
2:12 of 1st period - Wrist shot by Damien Brunner.
2:12 of 1st period - Stopped by Jacob Markstrom with a rebound.
2:14 of 1st period - Slapshot by Kellan Lain.
2:14 of 1st period - Shot Misses the Net.
2:16 of 1st period - Wrist shot by Damien Brunner.
2:16 of 1st period - Shot Blocked by Zbynek Michalek.
2:16 of 1st period - Zbynek Michalek from Knights is injured at 2:16 of 1st period (Bruised Right Arm).
2:17 of 1st period - Magnus Paajarvi-Svensson wins face-off versus Jamie Arniel in Knights zone.
2:42 of 1st period - Niklas Hjalmarsson is hit by Lukas Krajicek.
2:59 of 1st period - Damien Brunner is hit by Garnet Exelby and loses puck.
3:14 of 1st period - Snap shot by Chris Thorburn.
3:14 of 1st period - Stopped by Frederik Andersen with a rebound.
3:40 of 1st period - Snap shot by Tyler Bozak.
3:40 of 1st period - Shot Misses the Net.
3:48 of 1st period - Slapshot by Damien Brunner.
3:48 of 1st period - Shot Hit the Post.
3:50 of 1st period - Slapshot by Lukas Krajicek.
3:50 of 1st period - Stopped by Jacob Markstrom with a rebound.
3:52 of 1st period - Snap shot by Lukas Krajicek.
3:52 of 1st period - Stopped by Jacob Markstrom with a rebound.
3:54 of 1st period - Slapshot by Tyler Bozak.
3:54 of 1st period - Stopped by Jacob Markstrom with a rebound.
3:56 of 1st period - Slapshot by Tyler Bozak.
3:56 of 1st period - Stopped by Jacob Markstrom without a rebound.
3:57 of 1st period - Craig Smith wins face-off versus Zack Hamill in Knights zone.
4:12 of 1st period - Wrist shot by Tomas Kubalik.
4:12 of 1st period - Stopped by Jacob Markstrom without a rebound.
4:13 of 1st period - Jamie Arniel wins face-off versus James Wright in Knights zone.
5:19 of 1st period - Jared Cowen is hit by Michael Stone and loses puck.
6:44 of 1st period - Snap shot by Zack Hamill.
6:44 of 1st period - Deflect By Jason Chimera.
6:44 of 1st period - Shot Blocked by J.T. Brown.
6:44 of 1st period - Puck is out of play.
6:45 of 1st period - Riley Sheahan wins face-off versus Tyler Seguin in Diables zone.
8:13 of 1st period - Snap shot by Chris Thorburn.
8:13 of 1st period - Shot Blocked by Jared Cowen.
8:21 of 1st period - Slapshot by Riley Sheahan.
8:21 of 1st period - Stopped by Jacob Markstrom without a rebound.
8:22 of 1st period - Kellan Lain wins face-off versus Zack Hamill in Knights zone.
8:23 of 1st period - Snap shot by Damien Brunner.
8:23 of 1st period - Stopped by Jacob Markstrom without a rebound.
8:24 of 1st period - Kellan Lain wins face-off versus Zack Hamill in Knights zone.
8:35 of 1st period - Snap shot by Michael Raffl.
8:35 of 1st period - Stopped by Frederik Andersen with a rebound.
8:37 of 1st period - Snap shot by Jimmy Hayes.
8:37 of 1st period - Deflect By Lukas Krajicek.
8:37 of 1st period - Stopped by Frederik Andersen without a rebound.
8:38 of 1st period - Jamie Arniel wins face-off versus Chris Thorburn in Diables zone.
8:50 of 1st period - Off-side.
8:51 of 1st period - Tyler Bozak wins face-off versus Tyler Seguin in neutral zone.
8:58 of 1st period - Snap shot by Kellan Lain.
8:58 of 1st period - Stopped by Jacob Markstrom with a rebound.
9:04 of 1st period - Snap shot by Chris Thorburn.
9:04 of 1st period - Stopped by Frederik Andersen with a rebound.
9:06 of 1st period - Backhand shot by Niklas Hjalmarsson.
9:06 of 1st period - Deflect By Jason Chimera.
9:06 of 1st period - Stopped by Frederik Andersen without a rebound.
9:07 of 1st period - Jamie Arniel wins face-off versus Zack Hamill in Diables zone.
9:18 of 1st period - Wrist shot by Jimmy Hayes.
9:18 of 1st period - Stopped by Frederik Andersen with a rebound.
9:20 of 1st period - Slapshot by Tomas Kundratek.
9:20 of 1st period - Shot Misses the Net.
9:22 of 1st period - Wrist shot by Niklas Hjalmarsson.
9:22 of 1st period - Shot Blocked by Jared Cowen.
9:41 of 1st period - Snap shot by Damien Brunner.
9:41 of 1st period - Shot Blocked by Niklas Hjalmarsson.
10:37 of 1st period - Snap shot by Tyler Bozak.
10:37 of 1st period - Shot Misses the Net.
10:46 of 1st period - Icing by Matt Jones.
10:47 of 1st period - Tyler Bozak wins face-off versus Tyler Seguin in Diables zone.
10:56 of 1st period - Backhand shot by Kellan Lain.
10:56 of 1st period - Stopped by Jacob Markstrom without a rebound.
10:57 of 1st period - Tyler Seguin wins face-off versus Jamie Arniel in Knights zone.
11:47 of 1st period - Snap shot by Michael Raffl.
11:47 of 1st period - Shot Hit the Post.
12:07 of 1st period - Wrist shot by Magnus Paajarvi-Svensson.
12:07 of 1st period - Stopped by Frederik Andersen without a rebound.
12:08 of 1st period - James Wright wins face-off versus Jamie Arniel in Diables zone.
12:11 of 1st period - Snap shot by Magnus Paajarvi-Svensson.
12:11 of 1st period - Shot Blocked by Steve Quailer.
12:23 of 1st period - Wrist shot by James Wright.
12:23 of 1st period - Stopped by Frederik Andersen with a rebound.
12:38 of 1st period - Icing by Michael Raffl.
12:39 of 1st period - Zack Hamill wins face-off versus Tyler Bozak in Knights zone.
12:39 of 1st period - Zack Hamill is hit by Tyler Bozak.
12:57 of 1st period - Tyler Bozak is hit by Michael Raffl and loses puck.
13:10 of 1st period - Wrist shot by Michael Raffl.
13:10 of 1st period - Deflect By Jimmy Hayes.
13:10 of 1st period - Shot Blocked by Lukas Krajicek.
13:10 of 1st period - Puck is out of play.
13:11 of 1st period - Tyler Seguin wins face-off versus Jamie Arniel in Diables zone.
13:42 of 1st period - Wrist shot by Craig Smith.
13:42 of 1st period - Stopped by Jacob Markstrom with a rebound.
14:04 of 1st period - Snap shot by Joe Colborne.
14:04 of 1st period - Shot Blocked by Jared Cowen.
14:10 of 1st period - Wrist shot by Tyler Bozak.
14:10 of 1st period - Shot Blocked by Michael Stone.
14:12 of 1st period - Snap shot by Kellan Lain.
14:12 of 1st period - Shot Blocked by Nikita Nikitin.
14:26 of 1st period - Tyson Barrie is hit by Jimmy Hayes and loses puck.
15:34 of 1st period - Wrist shot by Joe Colborne.
15:34 of 1st period - Deflect By Jason Zucker.
15:34 of 1st period - Stopped by Frederik Andersen with a rebound.
17:40 of 1st period - Slapshot by Tyler Seguin.
17:40 of 1st period - Stopped by Frederik Andersen with a rebound.
17:42 of 1st period - Slapshot by James Wright.
17:42 of 1st period - Stopped by Frederik Andersen with a rebound.
18:19 of 1st period - James Wright is hit by Tyler Bozak and loses puck.
18:26 of 1st period - Nikita Nikitin is hit by Kellan Lain and loses puck.
18:41 of 1st period - Lukas Krajicek is hit by Zack Hamill and loses puck.
18:46 of 1st period - Snap shot by Zack Hamill.
18:46 of 1st period - Shot Misses the Net.
18:56 of 1st period - Slapshot by Lukas Krajicek.
18:56 of 1st period - Goal by Lukas Krajicek - Knights : 0 - Diables : 1.
18:57 of 1st period - Zack Hamill wins face-off versus Tyler Bozak in neutral zone.
19:12 of 1st period - Wrist shot by Jimmy Hayes.
19:12 of 1st period - Shot Hit the Post.
Goals for this period are 0 for Knights vs 1 for Diables.
Shots for this period are 11 for Knights vs 16 for Diables.
2nd period
0:01 of 2nd period - Tyler Seguin wins face-off versus Tyler Bozak in neutral zone.
0:03 of 2nd period - Off-side.
0:04 of 2nd period - Tyler Bozak wins face-off versus Tyler Seguin in neutral zone.
0:09 of 2nd period - Wrist shot by Kellan Lain.
0:09 of 2nd period - Shot Misses the Net.
0:12 of 2nd period - Icing by Niklas Hjalmarsson.
0:13 of 2nd period - Tyler Bozak wins face-off versus Tyler Seguin in Knights zone.
0:18 of 2nd period - Snap shot by Damien Brunner.
0:18 of 2nd period - Stopped by Jacob Markstrom with a rebound.
0:20 of 2nd period - Snap shot by Jared Cowen.
0:20 of 2nd period - Deflect By Kellan Lain.
0:20 of 2nd period - Stopped by Jacob Markstrom with a rebound.
0:22 of 2nd period - Slapshot by Jared Cowen.
0:22 of 2nd period - Shot Blocked by Tyler Seguin.
0:26 of 2nd period - Wrist shot by Damien Brunner.
0:26 of 2nd period - Shot Misses the Net.
1:20 of 2nd period - Slapshot by Niklas Hjalmarsson.
1:20 of 2nd period - Shot Blocked by Tyson Barrie.
1:47 of 2nd period - Slapshot by Chris Thorburn.
1:47 of 2nd period - Shot Misses the Net.
2:16 of 2nd period - Icing by Lukas Krajicek.
2:17 of 2nd period - Magnus Paajarvi-Svensson wins face-off versus Jamie Arniel in Diables zone.
2:49 of 2nd period - Jamie Arniel is hit by Kevin Hayes.
2:55 of 2nd period - Slapshot by James Wright.
2:55 of 2nd period - Stopped by Frederik Andersen with a rebound.
2:57 of 2nd period - Wrist shot by James Wright.
2:57 of 2nd period - Shot Blocked by Steve Quailer.
2:59 of 2nd period - Slapshot by Tomas Kundratek.
2:59 of 2nd period - Shot Blocked by Dustin Kohn.
3:01 of 2nd period - Snap shot by Niklas Hjalmarsson.
3:01 of 2nd period - Deflect By James Wright.
3:01 of 2nd period - Shot Misses the Net.
3:01 of 2nd period - Puck is out of play.
3:02 of 2nd period - Tyler Seguin wins face-off versus Tyler Bozak in Diables zone.
3:51 of 2nd period - Wrist shot by Taylor Beck.
3:51 of 2nd period - Stopped by Jacob Markstrom with a rebound.
4:07 of 2nd period - Snap shot by Tomas Kubalik.
4:07 of 2nd period - Shot Blocked by Tyler Seguin.
4:09 of 2nd period - Slapshot by Jared Cowen.
4:09 of 2nd period - Deflect By Niklas Hjalmarsson.
4:09 of 2nd period - Stopped by Jacob Markstrom with a rebound.
4:11 of 2nd period - Slapshot by Craig Smith.
4:11 of 2nd period - Shot Blocked by Niklas Hjalmarsson.
5:36 of 2nd period - Tyler Bozak is hit by Jason Chimera and loses puck.
5:49 of 2nd period - Steve Quailer is hit by Jimmy Hayes and loses puck.
5:58 of 2nd period - Brandon Prust is hit by Jimmy Hayes and loses puck.
6:33 of 2nd period - Dustin Kohn is hit by Kevin Hayes and loses puck.
6:42 of 2nd period - Snap shot by Pierre-Cédric Labrie.
6:42 of 2nd period - Shot Blocked by Michael Stone.
7:19 of 2nd period - Brandon Prust is hit by Nikita Nikitin and loses puck.
7:35 of 2nd period - J.T. Brown is hit by Garnet Exelby and loses puck.
7:44 of 2nd period - Snap shot by Joe Colborne.
7:44 of 2nd period - Stopped by Frederik Andersen without a rebound.
7:45 of 2nd period - Zack Hamill wins face-off versus Tyler Bozak in Diables zone.
7:48 of 2nd period - Snap shot by Chris Thorburn.
7:48 of 2nd period - Deflect By Jason Chimera.
7:48 of 2nd period - Shot Misses the Net.
7:48 of 2nd period - Puck is out of play.
7:49 of 2nd period - Tyler Bozak wins face-off versus Zack Hamill in Diables zone.
7:58 of 2nd period - Wrist shot by Zack Hamill.
7:58 of 2nd period - Shot Misses the Net.
8:00 of 2nd period - Snap shot by Jason Chimera.
8:00 of 2nd period - Stopped by Frederik Andersen with a rebound.
8:02 of 2nd period - Slapshot by Zack Hamill.
8:02 of 2nd period - Stopped by Frederik Andersen without a rebound.
8:03 of 2nd period - Tyler Seguin wins face-off versus Tyler Bozak in Diables zone.
8:04 of 2nd period - Wrist shot by Jason Chimera.
8:04 of 2nd period - Shot Misses the Net.
8:06 of 2nd period - Slapshot by Garnet Exelby.
8:06 of 2nd period - Stopped by Frederik Andersen without a rebound.
8:07 of 2nd period - Tyler Bozak wins face-off versus Tyler Seguin in Diables zone.
8:20 of 2nd period - Wrist shot by Damien Brunner.
8:20 of 2nd period - Shot Misses the Net.
8:48 of 2nd period - Minor Penalty to Steve Quailer for Holding.
8:49 of 2nd period - Jamie Arniel wins face-off versus Zack Hamill in Diables zone.
9:00 of 2nd period - Slapshot by Jimmy Hayes.
9:00 of 2nd period - Goal by Jimmy Hayes - Knights : 1 - Diables : 1.
9:01 of 2nd period - Tyler Seguin wins face-off versus Tyler Bozak in neutral zone.
9:05 of 2nd period - Icing by Jared Cowen.
9:06 of 2nd period - Damien Brunner wins face-off versus Tyler Seguin in Diables zone.
9:33 of 2nd period - Wrist shot by James Wright.
9:33 of 2nd period - Shot Blocked by Kellan Lain.
9:43 of 2nd period - Snap shot by Tyler Bozak.
9:43 of 2nd period - Stopped by Jacob Markstrom without a rebound.
9:44 of 2nd period - Zack Hamill wins face-off versus Jamie Arniel in Knights zone.
10:15 of 2nd period - Garnet Exelby is hit by Tomas Kubalik and loses puck.
10:20 of 2nd period - Slapshot by Craig Smith.
10:20 of 2nd period - Shot Blocked by Chris Thorburn.
10:34 of 2nd period - Jared Cowen is hit by Garnet Exelby.
10:52 of 2nd period - Backhand shot by Joe Colborne.
10:52 of 2nd period - Stopped by Frederik Andersen without a rebound.
10:53 of 2nd period - Joe Colborne wins face-off versus Tyler Bozak in Diables zone.
10:59 of 2nd period - Minor Penalty to Tyler Bozak for Roughing.
11:00 of 2nd period - Jamie Arniel wins face-off versus Zack Hamill in Diables zone.
11:00 of 2nd period - Jamie Arniel is hit by Zack Hamill.
11:35 of 2nd period - Wrist shot by Tyler Seguin.
11:35 of 2nd period - Shot Misses the Net.
11:37 of 2nd period - Slapshot by Garnet Exelby.
11:37 of 2nd period - Shot Misses the Net.
11:39 of 2nd period - Wrist shot by Garnet Exelby.
11:39 of 2nd period - Shot Misses the Net.
11:41 of 2nd period - Snap shot by Tyler Seguin.
11:41 of 2nd period - Shot Misses the Net.
11:43 of 2nd period - Wrist shot by Chris Thorburn.
11:43 of 2nd period - Shot Misses the Net.
12:43 of 2nd period - Dustin Kohn is hit by Kevin Hayes and loses puck.
12:59 of 2nd period - Penalty to Tyler Bozak is over, Tyler Bozak is back on ice.
13:31 of 2nd period - Slapshot by Nikita Nikitin.
13:31 of 2nd period - Deflect By Jason Zucker.
13:31 of 2nd period - Stopped by Frederik Andersen without a rebound.
13:32 of 2nd period - Joe Colborne wins face-off versus Jamie Arniel in Diables zone.
13:35 of 2nd period - Wrist shot by Joe Colborne.
13:35 of 2nd period - Stopped by Frederik Andersen without a rebound.
13:36 of 2nd period - Tyler Seguin wins face-off versus Jamie Arniel in Diables zone.
14:11 of 2nd period - Icing by Pierre-Cédric Labrie.
14:12 of 2nd period - Craig Smith wins face-off versus Tyler Seguin in Diables zone.
14:12 of 2nd period - Craig Smith is hit by Tyler Seguin.
14:31 of 2nd period - Snap shot by Pierre-Cédric Labrie.
14:31 of 2nd period - Shot Misses the Net.
14:33 of 2nd period - Slapshot by Tyson Barrie.
14:33 of 2nd period - Deflect By Tomas Kubalik.
14:33 of 2nd period - Stopped by Jacob Markstrom with a rebound.
14:35 of 2nd period - Slapshot by Matt Jones.
14:35 of 2nd period - Stopped by Jacob Markstrom without a rebound.
14:36 of 2nd period - Zack Hamill wins face-off versus Tyler Bozak in Knights zone.
14:44 of 2nd period - Wrist shot by Tyler Bozak.
14:44 of 2nd period - Shot Misses the Net.
14:46 of 2nd period - Wrist shot by Damien Brunner.
14:46 of 2nd period - Stopped by Jacob Markstrom with a rebound.
14:48 of 2nd period - Wrist shot by Lukas Krajicek.
14:48 of 2nd period - Shot Misses the Net.
15:25 of 2nd period - Michael Stone is hit by Tyler Cuma and loses puck.
16:15 of 2nd period - Tomas Kubalik is hit by Garnet Exelby and loses puck.
16:36 of 2nd period - Wrist shot by Tomas Kubalik.
16:36 of 2nd period - Shot Misses the Net.
16:53 of 2nd period - Wrist shot by Tomas Kubalik.
16:53 of 2nd period - Shot Misses the Net.
16:55 of 2nd period - Snap shot by Craig Smith.
16:55 of 2nd period - Goal by Craig Smith - Knights : 1 - Diables : 2.
16:56 of 2nd period - Tyler Bozak wins face-off versus Tyler Seguin in neutral zone.
17:49 of 2nd period - Kevin Hayes is hit by Tyson Barrie.
18:22 of 2nd period - Wrist shot by Zack Hamill.
18:22 of 2nd period - Shot Misses the Net.
19:20 of 2nd period - Kellan Lain is hit by Jimmy Hayes and loses puck.
19:52 of 2nd period - Off-side.
19:53 of 2nd period - Tyler Bozak wins face-off versus James Wright in neutral zone.
Goals for this period are 1 for Knights vs 1 for Diables.
Shots for this period are 9 for Knights vs 9 for Diables.
3rd period
0:01 of 3rd period - Tyler Seguin wins face-off versus Tyler Bozak in neutral zone.
0:37 of 3rd period - Slapshot by Zack Hamill.
0:37 of 3rd period - Stopped by Frederik Andersen without a rebound.
0:38 of 3rd period - Jamie Arniel wins face-off versus James Wright in Diables zone.
0:53 of 3rd period - Tyson Barrie is hit by Garnet Exelby and loses puck.
1:26 of 3rd period - Slapshot by Matt Jones.
1:26 of 3rd period - Deflect By Zack Hamill.
1:26 of 3rd period - Stopped by Jacob Markstrom with a rebound.
1:34 of 3rd period - Slapshot by Jimmy Hayes.
1:34 of 3rd period - Shot Misses the Net.
1:46 of 3rd period - Slapshot by Matt Jones.
1:46 of 3rd period - Shot Misses the Net.
1:48 of 3rd period - Snap shot by Tyson Barrie.
1:48 of 3rd period - Deflect By Riley Sheahan.
1:48 of 3rd period - Shot Misses the Net.
1:48 of 3rd period - Puck is out of play.
1:49 of 3rd period - Tyler Seguin wins face-off versus Riley Sheahan in Knights zone.
2:05 of 3rd period - Off-side.
2:06 of 3rd period - Zack Hamill wins face-off versus Tyler Bozak in neutral zone.
2:31 of 3rd period - Dustin Kohn is hit by Tyler Seguin and loses puck.
3:04 of 3rd period - Pierre-Cédric Labrie is hit by James Wright and loses puck.
4:00 of 3rd period - Tyson Barrie is hit by Chris Thorburn and loses puck.
4:30 of 3rd period - Craig Smith is hit by Magnus Paajarvi-Svensson and loses puck.
4:49 of 3rd period - Michael Raffl is hit by Kellan Lain and loses puck.
5:30 of 3rd period - Wrist shot by Chris Thorburn.
5:30 of 3rd period - Shot Misses the Net.
5:32 of 3rd period - Slapshot by Jason Chimera.
5:32 of 3rd period - Stopped by Frederik Andersen with a rebound.
5:34 of 3rd period - Slapshot by Niklas Hjalmarsson.
5:34 of 3rd period - Shot Blocked by Steve Quailer.
5:36 of 3rd period - Snap shot by Tyler Seguin.
5:36 of 3rd period - Stopped by Frederik Andersen with a rebound.
5:59 of 3rd period - Icing by Tomas Kundratek.
6:00 of 3rd period - James Wright wins face-off versus Tyler Bozak in Knights zone.
6:11 of 3rd period - Snap shot by Damien Brunner.
6:11 of 3rd period - Shot Misses the Net.
6:13 of 3rd period - Wrist shot by Kellan Lain.
6:13 of 3rd period - Stopped by Jacob Markstrom without a rebound.
6:14 of 3rd period - Tyler Seguin wins face-off versus Tyler Bozak in Knights zone.
6:14 of 3rd period - Tyler Seguin is hit by Lukas Krajicek.
6:20 of 3rd period - Snap shot by Kellan Lain.
6:20 of 3rd period - Stopped by Jacob Markstrom with a rebound.
6:40 of 3rd period - Jared Cowen is hit by Joe Colborne and loses puck.
6:47 of 3rd period - Jason Zucker is hit by Tyson Barrie and loses puck.
7:06 of 3rd period - Minor Penalty to Pierre-Cédric Labrie for Hooking.
7:07 of 3rd period - Jamie Arniel wins face-off versus Zack Hamill in Diables zone.
7:35 of 3rd period - Icing by Jason Zucker.
7:36 of 3rd period - Tyler Seguin wins face-off versus Jamie Arniel in Knights zone.
7:44 of 3rd period - Icing by Tyler Seguin.
7:45 of 3rd period - Jamie Arniel wins face-off versus Tyler Seguin in Knights zone.
7:50 of 3rd period - Wrist shot by Dustin Kohn.
7:50 of 3rd period - Shot Misses the Net.
8:00 of 3rd period - Slapshot by Zack Hamill.
8:00 of 3rd period - Stopped by Frederik Andersen with a rebound.
8:02 of 3rd period - Slapshot by Niklas Hjalmarsson.
8:02 of 3rd period - Shot Blocked by Jared Cowen.
8:04 of 3rd period - Slapshot by Zack Hamill.
8:04 of 3rd period - Stopped by Frederik Andersen with a rebound.
8:06 of 3rd period - Wrist shot by Jimmy Hayes.
8:06 of 3rd period - Shot Misses the Net.
8:08 of 3rd period - Wrist shot by Jason Chimera.
8:08 of 3rd period - Goal by Jason Chimera - Knights : 2 - Diables : 2.
8:09 of 3rd period - Tyler Bozak wins face-off versus Tyler Seguin in neutral zone.
8:18 of 3rd period - Snap shot by Jason Chimera.
8:18 of 3rd period - Shot Blocked by Kellan Lain.
8:36 of 3rd period - Jared Cowen is hit by Zack Hamill.
10:21 of 3rd period - Minor Penalty to Chris Thorburn for Hooking.
10:22 of 3rd period - James Wright wins face-off versus Tyler Bozak in Knights zone.
10:26 of 3rd period - Lukas Krajicek is hit by Garnet Exelby and loses puck.
12:21 of 3rd period - Penalty to Chris Thorburn is over, Chris Thorburn is back on ice.
12:32 of 3rd period - Chris Thorburn is hit by Pierre-Cédric Labrie and loses puck.
12:46 of 3rd period - Slapshot by Niklas Hjalmarsson.
12:46 of 3rd period - Stopped by Frederik Andersen without a rebound.
12:47 of 3rd period - Joe Colborne wins face-off versus Jamie Arniel in Diables zone.
12:56 of 3rd period - Slapshot by Aaron Palushaj.
12:56 of 3rd period - Shot Misses the Net.
12:58 of 3rd period - Backhand shot by Niklas Hjalmarsson.
12:58 of 3rd period - Deflect By Aaron Palushaj.
12:58 of 3rd period - Shot Misses the Net.
12:58 of 3rd period - Puck is out of play.
12:59 of 3rd period - Kellan Lain wins face-off versus Tyler Seguin in Diables zone.
13:21 of 3rd period - Lukas Krajicek is hit by Tyler Seguin and loses puck.
13:22 of 3rd period - Lukas Krajicek from Diables is injured at 13:22 of 3rd period (Back).
13:23 of 3rd period - Tyler Bozak wins face-off versus Tyler Seguin in Diables zone.
13:30 of 3rd period - Snap shot by Jared Cowen.
13:30 of 3rd period - Shot Misses the Net.
13:32 of 3rd period - Slapshot by Tyson Barrie.
13:32 of 3rd period - Shot Blocked by Tomas Kundratek.
13:34 of 3rd period - Slapshot by Kellan Lain.
13:34 of 3rd period - Shot Misses the Net.
13:44 of 3rd period - Minor Penalty to Jason Chimera for Hooking.
13:45 of 3rd period - James Wright wins face-off versus Tyler Bozak in Knights zone.
13:56 of 3rd period - Wrist shot by Tyler Bozak.
13:56 of 3rd period - Stopped by Jacob Markstrom with a rebound.
13:58 of 3rd period - Wrist shot by Damien Brunner.
13:58 of 3rd period - Stopped by Jacob Markstrom with a rebound.
14:00 of 3rd period - Slapshot by Dustin Kohn.
14:00 of 3rd period - Shot Misses the Net.
14:15 of 3rd period - Brandon Prust is hit by Chris Thorburn and loses puck.
15:44 of 3rd period - Penalty to Jason Chimera is over, Jason Chimera is back on ice.
15:47 of 3rd period - Nikita Nikitin is hit by Pierre-Cédric Labrie and loses puck.
17:30 of 3rd period - Kellan Lain is hit by Michael Stone and loses puck.
19:02 of 3rd period - Off-side.
19:03 of 3rd period - Tyler Bozak wins face-off versus Tyler Seguin in neutral zone.
19:14 of 3rd period - Wrist shot by Tyler Bozak.
19:14 of 3rd period - Goal by Tyler Bozak - Knights : 2 - Diables : 3.
19:15 of 3rd period - Zack Hamill wins face-off versus Tyler Bozak in neutral zone.
19:18 of 3rd period - Knights, Jacob Markstrom is pulled from the net.
19:18 of 3rd period - Slapshot by Niklas Hjalmarsson.
19:18 of 3rd period - Deflect By Zack Hamill.
19:18 of 3rd period - Shot Blocked by Kellan Lain.
19:18 of 3rd period - Puck is out of play.
19:19 of 3rd period - Gerard Gallant call a timeout for Knights.
19:19 of 3rd period - Zack Hamill wins face-off versus Tyler Bozak in Diables zone.
19:34 of 3rd period - Wrist shot by Chris Thorburn.
19:34 of 3rd period - Shot Misses the Net.
19:58 of 3rd period - Snap shot by Zack Hamill.
19:58 of 3rd period - Shot Blocked by Tyson Barrie.
Goals for this period are 1 for Knights vs 1 for Diables.
Shots for this period are 7 for Knights vs 6 for Diables.
Back to the Top